 Dungeon Crawl Stone Soup version 0.27.1-33-g824d729ab1 (webtiles) character file.

Game seed: 1363052931565378032

11 daervis the Skirmisher (level 2, -2/19 HPs)
             Began as a Gargoyle Berserker on Dec 17, 2021.
             Was a Follower of Trog.
             Slain by Terence (4 damage)
             ... on level 2 of the Dungeon.
             The game lasted 00:02:57 (712 turns).

daervis the Skirmisher (Gargoyle Berserker)          Turns: 712, Time: 00:02:57

Health: -2/19      AC: 13    Str: 26    XL:     2   Next: 29%
Magic:  2/2        EV:  7    Int:  7    God:    Trog [*.....]
Gold:   15         SH:  0    Dex:  9    Spells: 1/1 levels left

rFire    . . .     SeeInvis .   a - +0 hand axe
rCold    . . .     Faith    .   (no shield)
rNeg     + . .     Spirit   .   h - +0 plate armour
rPois    ∞         Reflect  .   (no helmet)
rElec    +         Harm     .   (no cloak)
rCorr    .         Rampage  .   (no gloves)
Will     .....                  (no boots)
Stlth    ..........             (no amulet)
HPRegen  0.06/turn              f - +6 ring of strength
MPRegen  0.08/turn              (no ring)

@: no status effects
A: sickness immunity, AC +2, negative energy resistance 1, electricity
resistance, torment resistance 1, petrification resistance
a: Renounce Religion, Berserk


You were on level 2 of the Dungeon.
You worshipped Trog.
Trog was aware of your devotion.
You visited 1 branch of the dungeon, and saw 2 of its levels.

You collected 15 gold pieces.

Inventory:

Hand Weapons
 a - a +0 hand axe (weapon)
Armour
 b - a +0 animal skin
 h - a +0 plate armour (worn)
Jewellery
 f - a +6 ring of strength (left hand)
Scrolls
 c - 3 scrolls of vulnerability {unknown}
 d - a scroll of fog {unknown}
 e - a scroll of identify {unknown}
 g - 2 scrolls of enchant armour {unknown}


   Skills:
 + Level 3.5 Fighting
 * Level 3.1 Axes
 + Level 2.2 Armour
 - Level 1.5 Dodging


You had one spell level left.
You didn't know any spells.
Your spell library was empty.

Dungeon Overview and Level Annotations

Branches:
Dungeon (2/15)

Altars:

Shops:
D:1 :[!

Annotations:
D:2 Terence


Innate Abilities, Weirdness & Mutations

You are immune to sickness and miasma.
Your stone body is resilient. (AC +2)
You are immune to poison.
You resist negative energy. (rN+)
You are resistant to electric shocks. (rElec)
You are resistant to unholy torment.
You are immune to petrification.


Message History

A bat comes into view.
A bat is nearby!
Found 3 gold pieces.
The bat hits you but does no damage.
You hit the bat.
The bat is severely wounded.
The bat hits you but does no damage.
You hit the bat.
You kill the bat!
Trog accepts your kill.
e - a scroll labelled RUROUH OSAES You now have 15 gold pieces (gained 3).
There is a stone staircase leading down here.
You climb downwards.
The kobold shouts!
You hear a shout!
The kobold throws a stone.
The stone barely misses you.
The kobold throws a stone.
The stone hits you but does no damage.
Found a steel ring.
There is a stone staircase leading up here.
Terence the Incautious comes into view.
He is wielding a +7 flail of protection.
The kobold barely misses you.
You barely miss the kobold. The kobold closely misses you.
You slash Terence!
Terence is heavily wounded.
Your plate armour prevents you from hitting the kobold.
Terence hits you with a +7 flail of protection!
The kobold barely misses you.
You hit Terence.
Terence is heavily wounded.
You hit the kobold.
You kill the kobold!
Trog accepts your kill.
Terence hits you with a +7 flail of protection.
You hit Terence but do no damage.
Terence is heavily wounded.
Terence hits you with a +7 flail of protection!
* * * LOW HITPOINT WARNING * * *
You closely miss Terence.
Terence is heavily wounded.
Terence hits you with a +7 flail of protection.
You die...

## ####.
..... #
.###. #
.# ##
#=####.#
#
#.#...#
# #.).@#
#@.#
#.<#
#..#
#### .#
.#


You could see Terence.

Vanquished Creatures
  A giant cockroach (D:1)
  A goblin (D:1)
  3 hobgoblins (D:1)
  A bat (D:1)
  A frilled lizard (D:1)
  3 kobolds
  2 rats (D:1)
12 creatures vanquished.

Notes
Turn   | Place    | Note
-------+----------+-------------------------------------------
     0 | D:1      | daervis the Gargoyle Berserker began the quest for the Orb.
     0 | D:1      | Reached XP level 1. HP: 14/14 MP: 1/1
    39 | D:1      | Reached XP level 2. HP: 10/19 MP: 2/2
   327 | D:1      | Found Umeptasm's Armour Emporium.
   355 | D:1      | Found Idees's Distillery.
   590 | D:1      | Found Wetuwnas's Book Boutique.
   707 | D:2      | Noticed Terence
   712 | D:2      | Slain by Terence

Illustrated notes

Levels and vault maps discovered:
D:1:      minmay_arrival_arboretum_large, layout_rooms, serial_corexii_hall,
          chequers_hall_statues_wall_a, corexii_hall_statues_i,
          chequers_hall_statues_wall_a, corexii_hall_statues_x, serial_shops,
          nicolae_square_shop, shop, shop_statue
D:2:      kennysheep_the_goblin_king, layout_loops_ring, uniq_terence

Skill      XL: |  1 |
---------------+----+-----
Axes           | 3 |  3.1
Fighting       | |  3.5
Armour         | |  2.2
Dodging        | |  1.5

Action                   || total
-------------------------++-------
Melee: Hand axe          ||    30
Armor: Animal skin       ||     3
       Plate armour      ||     3
       Ring mail         ||     1
Dodge: Dodged            ||    16
